Map: Void Launch

Players

Demkan

  • Race: Zerg Zerg

Ratl

  • Race: Protoss Protoss
  • League: Silver
  • Spawn Location: 6:00

VOD

Have the link to the VOD?

Description

Time

  • Played on: Jan. 12, 2020, 12:20 p.m.
  • Length: 24:32
Show
View Real Time Build Order
Export as new Build Order

Demkan Zerg 

Build Orders:  

Get SALT Encoding   

  18  0:03  Primal Drone  
  19  0:12  Primal Drone  
  19  0:18  Primal Drone  
  21  0:24  Primal Drone  
  22  0:33  Primal Drone  
  23  0:40  Extractor  
  23  0:49  Primal Drone  
  24  0:53  Extractor  
  24  1:06  Primal Drone  
  25  1:28  Primal Drone  
  26  1:35  Primal Warden  
  27  1:44  Primal Drone  
  28  1:54  Primal Drone  
  29  2:09  Primal Drone  
  30  2:10  Primal Attacks Level 1  
  35  2:40  Primal Hive  
  35  2:42  Primal Drone  
  35  2:46  Primal Drone  
  37  2:57  Primal Drone  
  38  3:19  Primal Drone  
  39  3:20  Glevig's Den  
  38  3:31  Primal Drone  
  39  3:46  Primal Drone  
  40  4:04  Primal Drone  
  41  4:28  Primal Hive  
  41  4:30  Primal Drone x3  
  41  4:32  Extractor  
  41  4:36  Primal Drone  
  45  4:46  Primal Drone x2  
  47  4:50  Primal Drone, Primal Carapace Level 1  
  47  4:54  Primal Attacks Level 2  
  47  4:55  Primal Drone  
  49  5:03  Glial Reconstitution  
  49  5:04  Murvar's Den  
  48  5:11  Primal Drone  
  49  5:32  Primal Drone x2  
  51  6:03  Concentrated Fire  
  51  6:11  Primal Drone, Primal Warden  
  51  6:12  Primal Drone x2  
  56  6:28  Primal Wurm  
  57  6:30  Primal Wurm  
  57  6:35  Primal Drone  
  58  6:46  Primal Drone x2  
  58  6:47  Primal Drone x3  
  63  6:57  Primal Drone  
  64  7:06  Dakrun's Den  
  63  7:14  Extractor  
  63  7:15  Primal Drone  
  64  8:46  Primal Attacks Level 3  
  64  8:49  Primal Carapace Level 2  
  64  8:51  Primal Drone  
  64  8:52  Primal Drone x4  
  69  9:00  Enlarged Parotid Glands  
  69  9:03  Aerial Burst Sacs  
  69  9:08  Healing Adaptation  
  69  10:33  Explosive Spores  
  69  11:09  Primal Drone x2  
  71  11:13  Dissolving Acid  
  71  11:16  Impaling Strike  
  69  11:21  Primal Zergling x5  
  69  11:22  Primal Zergling x5  
  79  11:33  Primordial Fury  
  79  11:41  Ravasaur x4  
  79  11:42  Ravasaur  
  79  12:16  Barrage of Spikes  
  79  12:33  Shifting Carapace  
  79  14:43  Primal Zergling x4  
  79  14:44  Primal Zergling x5  
  79  14:45  Primal Zergling  
  79  14:48  Primal Carapace Level 3  
  89  14:50  Primal Drone x2  
  92  15:00  Primal Warden  
  92  15:03  Tenderize  
  92  15:04  Primal Warden  
  92  15:05  Slicing Glave  
  92  15:06  Brutal Charge  
  93  15:57  Ravasaur  
  93  15:58  Ravasaur x4  
  93  16:03  Muscular Augments  
  93  16:04  Primal Reconstitution  
  93  16:06  Tyrant's Protection  
  91  17:55  Primal Ultralisk x2  
  91  17:56  Primal Ultralisk x2  
  91  17:58  Primal Ultralisk x2  
  91  17:59  Primal Ultralisk x2  
  139  18:03  Primal Ultralisk x2  
  139  18:05  Primal Ultralisk x2  
  139  18:07  Primal Ultralisk x2  
Show
View Real Time Build Order
Export as new Build Order

Ratl Protoss 

Build Orders:  

Get SALT Encoding   

  12  0:03  Probe (Chrono Boost)  
  13  0:17  Probe (Chrono Boost)  
  14  0:30  Probe (Chrono Boost)  
  14  0:39  Pylon  
  15  0:58  Pylon  
  15  1:04  Probe (Chrono Boost)  
  15  1:07  Assimilator  
  16  1:18  Probe (Chrono Boost)  
  17  1:30  Gateway  
  17  1:32  Probe (Chrono Boost)  
  18  1:44  Assimilator  
  18  1:45  Probe (Chrono Boost)  
  19  1:59  Probe (Chrono Boost)  
  20  2:13  Probe (Chrono Boost)  
  21  2:26  Forge  
  21  2:27  Probe (Chrono Boost)  
  22  2:32  Pylon  
  22  2:39  Pylon  
  22  2:41  Probe (Chrono Boost), Zealot  
  25  2:55  Probe (Chrono Boost)  
  26  3:10  Cybernetics Core  
  26  3:11  Probe (Chrono Boost)  
  26  3:19  Zealot  
  29  3:28  Probe (Chrono Boost)  
  30  3:42  Probe (Chrono Boost)  
  30  3:44  Protoss Ground Weapons Level 1  
  31  3:57  Zealot  
  33  4:01  Warp Gate  
  33  4:13  Stargate  
  33  4:22  Gateway  
  33  4:23  Gateway  
  35  4:49  Probe (Chrono Boost)  
  36  5:02  Probe (Chrono Boost)  
  36  5:09  Nexus  
  37  5:25  Stalker  
  39  5:48  Stalker x2  
  43  6:02  Protoss Ground Armor Level 1  
  43  6:12  Probe (Chrono Boost)  
  44  6:22  Stalker  
  44  6:29  Probe (Chrono Boost)  
  48  6:50  Pylon  
  48  6:51  Probe (Chrono Boost)  
  48  6:59  Pylon  
  48  7:03  Pylon  
  48  7:08  Probe (Chrono Boost)  
  49  7:19  Pylon  
  49  7:23  Stalker x2  
  49  7:25  Probe (Chrono Boost)  
  54  7:42  Probe (Chrono Boost)  
  55  7:57  Probe (Chrono Boost)  
  56  8:00  Probe (Chrono Boost)  
  57  8:11  Probe (Chrono Boost)  
  57  8:12  Assimilator  
  57  8:13  Assimilator  
  57  8:14  Probe (Chrono Boost)  
  57  8:15  Stalker x3  
  57  8:18  Pylon  
  65  8:25  Probe (Chrono Boost), Protoss Air Weapons Level 1  
  65  8:27  Probe (Chrono Boost)  
  67  8:31  Void Ray  
  71  8:54  Dark Pylon  
  71  9:10  Gateway x2  
  71  9:15  Gateway  
  71  9:18  Gateway  
  71  9:21  Gateway  
  71  9:24  Gateway  
  71  9:38  Stargate  
  71  9:39  Protoss Shields Level 1  
  71  9:40  Stargate  
  71  9:41  Stargate  
  71  9:48  Twilight Council  
  71  10:23  Dark Pylon  
  71  10:31  Stalker x2  
  71  10:32  Stalker x3  
  81  10:44  Stalker x3  
  81  10:45  Stalker  
  89  11:05  Protoss Air Armor Level 1  
  89  11:39  Charge  
  85  11:48  Fleet Beacon  
  85  12:18  Protoss Ground Armor Level 2  
  81  12:39  Blink  
  81  12:49  Stalker x5  
  90  12:50  Stalker x2  
  90  12:51  Stalker  
  90  13:25  Dark Pylon  
  90  13:43  Stalker x2  
  90  13:44  Stalker x4  
  90  13:45  Stalker  
  104  13:56  Corsair  
  104  13:57  Corsair x2  
  110  14:05  Disruption Web  
  100  15:18  Void Ray  
  102  15:28  Protoss Ground Weapons Level 2  
  102  15:58  Pylon  
  102  16:00  Pylon  
  102  16:03  Pylon  
  102  16:06  Pylon  
  102  16:19  Void Ray  
  102  16:22  Void Ray  
  102  16:23  Void Ray, Nexus  
  102  16:27  Assimilator  
  104  16:56  Dark Pylon  
  104  17:00  Stalker x5  
  104  17:01  Stalker x4  
  108  17:57  Pylon  
  108  18:01  Pylon  
  108  18:09  Dark Pylon  
  108  18:17  Assimilator, Stalker x3  
  108  18:18  Stalker x3  
  108  18:19  Stalker x3  
  126  18:30  Probe x2 (Chrono Boost)  
  126  18:34  Probe (Chrono Boost)  
  129  18:44  Probe x2 (Chrono Boost)  
  129  18:48  Probe (Chrono Boost)  
  132  18:57  Probe (Chrono Boost)  
  132  18:58  Probe (Chrono Boost)  
  132  19:01  Probe (Chrono Boost)  
  133  19:11  Probe (Chrono Boost)  
  133  19:15  Probe (Chrono Boost)  
  127  19:26  Void Ray x4  
  127  19:29  Probe (Chrono Boost)  
  140  19:34  Protoss Shields Level 2  
  140  19:45  Stalker x3  
  140  19:49  Zealot x3  
  152  19:50  Zealot x3  
  158  20:09  Probe (Chrono Boost)  
  159  20:23  Probe (Chrono Boost)  
  159  20:26  Void Ray x4  
  176  20:37  Probe (Chrono Boost)  
  176  20:38  Pylon x2  
  177  20:51  Probe (Chrono Boost)  
  178  21:05  Probe (Chrono Boost)  
  178  21:07  Stalker x2  
  178  21:08  Stalker x6  
  178  21:09  Stalker  
  195  21:22  Pylon  
  195  21:47  Void Ray  
  196  23:04  Pylon  
  196  23:07  Pylon x2  
  196  23:08  Photon Cannon  
  196  23:10  Photon Cannon x2  
  196  23:11  Photon Cannon  
  196  23:13  Photon Cannon  
  196  23:14  Photon Cannon x2  
  196  23:31  Probe (Chrono Boost)  
  196  23:32  Probe x2 (Chrono Boost)  
  199  23:45  Probe (Chrono Boost)  
  200  24:18  Dark Pylon  
Tags
 
Commander
DehakaVorazun
League
Silver
Matchup
Co-op
Add a new tag
Caveats
  • Supply blocks, unpowered buildings, or Contaminate may cause inaccurate times.
  • Supply counts are checked every 10 seconds.